 Dungeon Sprint DCSS version 0.26-a0-1213-gd52f5182fe (webtiles) character file.

Game seed: 12860934287138138297

94 sahdkjhfkaj the Shield-Bearer (level 4, -1/42 HPs)
             Began as a Minotaur Fighter on Dec 30, 2020.
             Was an Initiate of Ru.
             Killed by nerve-wracking pain
             ... invoked by an orc priest
              (13 damage)
             ... in the Dungeon (Sprint VII: "The Pits").
             The game lasted 00:00:49 (362 turns).

sahdkjhfkaj the Shield-Bearer (Minotaur Fighter)     Turns: 362, Time: 00:00:49

Health: -1/42      AC: 12    Str: 22    XL:     4   Next: 38%
Magic:  3/3        EV:  7    Int:  5    God:    Ru [......]
Gold:   0          SH: 10    Dex:  9    Spells: 3/3 levels left

rFire    . . .     SeeInvis .   a - +0 war axe
rCold    . . .     Faith    .   c - +0 kite shield
rNeg     . . .     Spirit   .   o - +3 chain mail
rPois    .         Reflect  .   (helmet restricted)
rElec    .         Harm     .   (no cloak)
rCorr    .         Rampage  .   (no gloves)
Will     .....     NoTele   +   (no boots)
Stlth    ..........             (no amulet)
HPRegen  0.14/turn              (no ring)
MPRegen  0.08/turn              (no ring)

@: no status effects
A: retaliatory headbutt, horns 2
a: Renounce Religion, Sacrifice Stealth, Sacrifice Experience, Sacrifice
Courage, Reject Sacrifices


You were in the Dungeon.
You worshipped Ru.
Ru was noncommittal.
You visited 1 branch

Inventory:

Hand Weapons
 a - a +0 war axe (weapon)
Armour
 c - a +0 kite shield (worn)
 o - a +3 chain mail (worn)
Scrolls
 j - a scroll of blinking
 l - 3 scrolls of remove curse
 m - 5 scrolls of amnesia
Potions
 d - a potion of might
 e - 6 potions of curing
 f - 6 potions of heal wounds
 g - a potion of haste
 h - 4 potions of magic
 i - 3 potions of berserk rage
 k - 2 potions of invisibility


   Skills:
 + Level 5.2 Fighting
 * Level 6.1 Axes
 + Level 5.3 Armour
 + Level 3.3 Dodging
 * Level 6.6 Shields


You had 3 spell levels left.
You didn't know any spells.
Your spell library was empty.

Dungeon Overview and Level Annotations

Branches:
Dungeon (1/1)

Altars:
Ashenzari
Cheibriados
Dithmenos
Elyvilon
Fedhas
Gozag
Hepliaklqana
Kikubaaqudgha
Makhleb
Nemelex Xobeh
Okawaru
Qazlal
Ru
Sif Muna
Trog
Uskayaw
Vehumet
Wu Jian
Xom
Yredelemnul
Zin
The Shining One
Beogh
Jiyva
Lugonu


Innate Abilities, Weirdness & Mutations

You reflexively headbutt those who attack you in melee.
You have a pair of horns on your head.


Message History

Your Axes skill increases to level 6!
Unknown command.
The hound bites your small abomination.
Your small abomination is destroyed!
The hound bites you but does no damage.
You slash the hound!
The hound is severely wounded.
The hound bites you but does no damage. x2
You hit the hound but do no damage.
The hound is severely wounded.
The hound completely misses you.
An iguana comes into view.
You block the hound's attack.
The iguana hisses angrily.
You slash the hound!
You kill the hound!
You hear a shout!
The orc priest calls down the wrath of Beogh upon you.
Pain shoots through your body!
You die...

##########'##.....
#.?(.')))'.##.....
##########.##.....
#..........÷'.....
#'#####'#####.....
#.#...÷.#..##.....
#.#.....#))#####'#
#.###)###))##.....
#@#.....#))##.....
#.#.....#[[##.....
#o####'##'###...<.
#)#.†.)....##.....
#o#........##.....
#o###########.....


#Mz.hzo.# ###### #)l#M#..# #.## # You could see a mummy, an iguana, a wight, an
orc priest and 2 orcs.

Vanquished Creatures
  A hound (D)
  A gnoll (D)
  A white imp (D)
  A leopard gecko (D)
  3 orcs (D)
  A bat zombie (D)
  A goblin (D)
  3 jackals (D)
  A quokka (D)
  A frilled lizard (D)
14 creatures vanquished.

Vanquished Creatures (collateral kills)
  3 wights (D)
3 creatures vanquished.

Grand Total: 17 creatures vanquished

Notes
Turn   | Place    | Note
-------+----------+-------------------------------------------
     0 | D        | sahdkjhfkaj the Minotaur Fighter began the quest for the
                  | Orb.
     0 | D        | Reached XP level 1. HP: 19/19 MP: 0/0
    19 | D        | Reached skill level 1 in Dodging
    69 | D        | Found a bloodstained altar of Trog.
    69 | D        | Found a shimmering blue altar of Sif Muna.
    69 | D        | Found a viscous altar of Jiyva.
    69 | D        | Found a hazy altar of Hepliaklqana.
    69 | D        | Found an opulent altar of Gozag.
    70 | D        | Found a glowing golden altar of the Shining One.
    70 | D        | Found a glowing silver altar of Zin.
    70 | D        | Found a basalt altar of Yredelemnul.
    70 | D        | Found a shimmering altar of Xom.
    70 | D        | Found an ornate altar of the Wu Jian Council.
    70 | D        | Found a sacrificial altar of Ru.
    70 | D        | Found a stormy altar of Qazlal.
    70 | D        | Found an iron altar of Okawaru.
    70 | D        | Found a sparkling altar of Nemelex Xobeh.
    70 | D        | Found a burning altar of Makhleb.
    70 | D        | Found a blossoming altar of Fedhas.
    70 | D        | Found a white marble altar of Elyvilon.
    70 | D        | Found a shadowy altar of Dithmenos.
    70 | D        | Found a snail-covered altar of Cheibriados.
    71 | D        | Found a radiant altar of Vehumet.
    71 | D        | Found a corrupted altar of Lugonu.
    71 | D        | Found a roughly hewn altar of Beogh.
    72 | D        | Found a hide-covered altar of Uskayaw.
    72 | D        | Found an ancient bone altar of Kikubaaqudgha.
    72 | D        | Found a broken altar of Ashenzari.
    74 | D        | Became a worshipper of Ru the Awakened
   148 | D        | Reached XP level 2. HP: 27/27 MP: 1/1
   163 | D        | Reached skill level 5 in Shields
   166 | D        | Reached XP level 3. HP: 20/34 MP: 2/2
   353 | D        | Reached skill level 5 in Axes
   354 | D        | Reached skill level 5 in Fighting
   354 | D        | Reached skill level 5 in Armour
   354 | D        | Reached XP level 4. HP: 11/42 MP: 3/3
   362 | D        | Killed from afar by an orc priest

Illustrated notes

Levels and vault maps discovered:
D:        pitsprint [storerooms_1, entrance_room_1, metal_vault_2, armoury_2,
          mini_pit_1, grid_room_1, main_hall_1, silver_pit, the_coven_1,
          the_vestibule_1, steel_vault_5, golden_pit, hallway_of_sentries,
          crystal_vault_6, iron_vault_4, final_vault]

Skill      XL: |  1  2  3  4 |
---------------+-------------+-----
Axes           | 3 4 5 6 |  6.1
Shields        | 4 5 6 |  6.6
Dodging        | 1 2 3 |  3.3
Fighting       | 4 5 |  5.2
Armour         | 4 5 |  5.3

Action                   |  1- 3 |  4- 6 || total
-------------------------+-------+-------++-------
Melee: War axe           |    23 |     3 ||    26
       Headbutt          |     1 |       ||     1
  Use: Scroll            |     1 |       ||     1
Armor: Scale mail        |     8 |       ||     8
       Chain mail        |     1 |     3 ||     4
Dodge: Dodged            |    14 |     1 ||    15
Block: Kite shield       |    21 |     1 ||    22

Table legend: (Time is in decaauts)
 A = Elapsed time spent in this place.
 B = Non-inter-level travel time spent in this place.
 C = Inter-level travel time spent in this place.
 D = Time resting spent in this place.
 E = Time spent auto-exploring this place.
 F = Levels seen in this place.
 G = Mean time per level.
                   A        B        C        D        E       F      G
               +--------+--------+--------+--------+--------+-----+--------+
         Total |    371 |    354 |     17 |    149 |     30 |   1 |  371.0 |
       Dungeon |    371 |    354 |     17 |    149 |     30 |   1 |  371.0 |
               +--------+--------+--------+--------+--------+-----+--------+

Top non-repeatable levels by time:
       D: 371 daAuts
